 Dungeon Crawl Stone Soup version 0.18-a0-1211-g828307d (webtiles) character file.

197073 ipx the Severer (level 17, -2/127 HPs)
             Began as a Demonspawn Abyssal Knight on Feb 1, 2016.
             Was a High Priest of Lugonu.
             Killed by the raging water
             ... invoked by a water nymph
              (35 damage)
             ... on level 3 of the Shoals on Feb 3, 2016.
             The game lasted 05:43:00 (19910 turns).

ipx the Severer (Demonspawn Abyssal Knight)        Turns: 19910, Time: 05:43:00

Health: -2/127     AC: 20    Str: 15    XL:     17   Next: 76%
Magic:  23/26      EV: 16    Int: 14    God:    Lugonu [*****.]
Gold:   789        SH:  3    Dex: 17    Spells: 4 memorised, 12 levels left

rFire  + . .     SeeInvis .     b - +8 battleaxe (distort)
rCold  . . .     Gourm    .     K - +5 scale mail "Lurghoapp" {rPois rF+}
rNeg   + . .     Faith    .     (shield currently unavailable)
rPois  +         Spirit   .     (helmet unavailable)
rElec  .         Dismiss  .     T - +1 cloak {rPois}
rCorr  .         Reflect  .     R - +0 pair of gloves of Munui {Regen+} (curse)
SustAt .         Harm     .     (no boots)
MR     ++...                    B - amulet of rage
Stlth  ..........               U - +3 ring of slaying
                                M - ring of protection from magic

@: very slightly contaminated, very resistant to hostile enchantments, extremely
unstealthy
A: horns 3, large bone plates 2, demonic guardian 1, foul stench 1, negative
energy resistance 1, rot immunity
a: Depart the Abyss, Bend Space, Banish, Corrupt, Enter the Abyss, Renounce
Religion, Evoke Berserk Rage
}: 1/15 runes: serpentine


You were on level 3 of the Shoals.
You worshipped Lugonu.
Lugonu was extremely pleased with you.
You were not hungry.

You visited 6 branches of the dungeon, and saw 36 of its levels.
You visited the Abyss 2 times.
You also visited: Ice Cave.

You collected 3010 gold pieces.
You spent 2221 gold pieces at shops.

Inventory:

Hand Weapons
 a - the +11 battleaxe of the Equinox {venom, rElec Dex+3}
   (You found it on level 3 of the Elven Halls)

   It poisons the flesh of those it strikes.
   It affects your dexterity (+3).
   It insulates you from electricity.
 b - a +8 battleaxe of distortion (weapon)
 Y - the +8 executioner's axe of Beogh {flame, *Contam +Rage rPois}
   (You acquired it on level 3 of the Lair of Beasts)

   It has been specially enchanted to burn those struck by it, causing extra
   injury to most foes and up to half again as much damage against particularly
   susceptible opponents.
   Big, fiery blades are also staple armaments of hydra-hunters.
   It protects you from poison.
   It lets you go berserk.
   It causes magical contamination when unequipped.
Missiles
 q - 7 curare-tipped needles
Armour
 h - the +1 scale mail "Qekong" {Dex+6 Slay+3}
   (You found it on level 3 of the Elven Halls)

   It affects your dexterity (+6).
   It affects your accuracy and damage with ranged weapons and melee attacks
   (+3).
 m - the +1 chain mail of Impatience {rPois Regen+}
   (You found it on level 12 of the Dungeon)

   It protects you from poison.
   It increases your rate of regeneration.
 K - the +5 scale mail "Lurghoapp" (worn) {rPois rF+}
   (You found it on level 4 of the Dungeon)

   It protects you from fire.
   It protects you from poison.
 R - the cursed +0 pair of gloves of Munui (worn) {Regen+}
   (You bought it in a shop on level 3 of the Elven Halls)

   It increases your rate of regeneration.
   It has a curse placed upon it.
 T - a +1 cloak of poison resistance (worn)
Rods
 i - a +5 rod of ignition (9/9)
   (You found it on level 3 of the Elven Halls)
Jewellery
 d - the amulet "Heniuche" {rC++ Regen+ Slay-4}
   (You found it on level 3 of the Elven Halls)

   [amulet of regeneration]

   It affects your accuracy and damage with ranged weapons and melee attacks
   (-4).
   It greatly protects you from cold.
   It increases your rate of regeneration.
 B - an amulet of rage (around neck)
 C - an uncursed ring of resist corrosion
 F - an uncursed ring of fire
 I - an uncursed ring of ice
 M - a ring of protection from magic (left hand)
 S - the ring "Samo" {+Inv rN+ Str+2 Int-5 Stlth+}
   (You bought it in a shop on level 2 of the Orcish Mines)

   [ring of stealth]

   It affects your strength (+2).
   It affects your intelligence (-5).
   It protects you from negative energy.
   It lets you turn invisible.
   It makes you more stealthy.
 U - a +3 ring of slaying (right hand)
 W - an uncursed ring of wizardry
Wands
 g - a wand of disintegration (9/24)
 s - a wand of lightning (8/15)
 w - a wand of heal wounds (0/9)
 y - a wand of digging (17/24)
 O - a wand of hasting (2/9)
 X - a wand of paralysis (12/24)
 Z - a wand of iceblast (7/15)
Scrolls
 e - 6 scrolls of magic mapping
 l - 5 scrolls of fear
 t - a scroll of brand weapon
 u - a scroll of teleportation
 v - 2 scrolls of amnesia
 x - 3 scrolls of enchant armour
 z - 2 scrolls of summoning
 G - 2 scrolls of identify
 Q - 10 scrolls of remove curse
Potions
 r - 2 potions of ambrosia
 H - 3 potions of brilliance
 J - 3 potions of invisibility
 N - 3 potions of flight
 P - 2 potions of curing
Miscellaneous
 o - a lamp of fire
 A - a phial of floods (inert)
 L - a phantom mirror
 V - a fan of gales
Comestibles
 c - 14 bread rations
 j - 14 meat rations
 k - 30 fruits


   Skills:
 + Level 9.8 Fighting
 - Level 20.0 Axes
 + Level 9.4 Armour
 + Level 10.6 Dodging
 - Level 5.0 Spellcasting
 - Level 5.1 Charms
 - Level 5.1 Air Magic
 - Level 12.2 Invocations
 - Level 8.0 Evocations


You had 12 spell levels left.
You knew the following spells:

 Your Spells              Type           Power        Failure   Level  Hunger
b - Swiftness             Chrm/Air       ###.....     12%         2    ##.....
c - Silence               Hex/Air        ##........   100%        5    ######.
d - Phase Shift           Tloc           #.........   100%        5    ######.
M - Repel Missiles        Chrm/Air       ###...       12%         2    ##.....


Dungeon Overview and Level Annotations

Branches:
Dungeon (15/15)            Temple (0/1) D:7            Lair (8/8) D:8
 Shoals (4/4) Lair:5        Snake (4/4) Lair:4        Slime (0/6) Lair:8
    Orc (2/2) D:10            Elf (3/3) Orc:2        Depths (0/5) D:15
 Vaults: D:13-14

Altars:
Fedhas
Gozag
Makhleb
Nemelex Xobeh
Okawaru
Ru
Sif Muna
Vehumet
Zin

Shops:
D:6 *   D:10 !:   Orc:2 :*=(   Elf:3 [

Portals:
Hell: Lair:8
Trove: Elf:1 (lose all piety)

Annotations:
D:4 Chiseanne's ghost, amateur CeAE
D:9 Gastronok
D:15 Agnes
Lair:8 corrupted
Shoals:3 Donald; Polyphemus
Shoals:4 corrupted, Ilsuiw; Louise; Mara
Snake:4 corrupted
Elf:2 3 runed doors
Elf:3 corrupted
Abyss:1 Blork the orc; Maurice; Snorg


Innate Abilities, Weirdness & Mutations

You have a pair of large horns on your head.
You are mostly covered in large bone plates (AC +3, SH +3).
A weak demonic guardian rushes to your aid.
You may emit foul miasma when damaged in melee.
You resist negative energy.
You are immune to rotting.


Message History

b - a +8 battleaxe of distortion (weapon)
* * * LOW HITPOINT WARNING * * *
Your lungs strain for air!
You slash the water elemental!
The water elemental is heavily damaged.
The water elemental blinks!
You gasp with relief as air once again reaches your lungs.
Read which item? (? for menu, Esc to quit)
As you read the scroll of teleportation, it crumbles to dust.
You feel strangely unstable.
Donald says, "Why would you want to visit the Abyss?
For a holiday?"
You slash the water elemental!
Space bends around the water elemental.
The water elemental is almost destroyed.
Your surroundings suddenly seem different.
Splash!
A water nymph comes into view.
The water nymph shouts!
The water nymph points at you and mumbles some strange words.
The water swirls and strikes you!
You die...

≈≈≈≈...............≈≈.
≈≈≈≈≈≈≈≈...#.....≈≈≈≈≈).
≈≈≈≈≈≈P≈...####....≈≈≈..
≈≈≈≈≈≈P≈P...####P..≈≈≈.#
.≈≈≈≈PP≈....%?...PP≈≈..#
..≈≈≈P≈.......≈P....≈...
P≈≈≈≈≈≈....≈P..≈.≈.≈≈≈..
≈≈≈≈m≈≈≈..≈≈≈..≈...≈≈...
≈≈≈≈≈.≈@≈..≈..≈P....≈###
≈.≈≈≈.≈≈≈≈≈....≈..... ##
PPPP≈...P.≈..≈...≈≈≈.##.
.P#.≈≈..#PP..≈....≈≈)...
...≈≈≈....P..≈P....≈(.##
≈...≈≈≈.P.≈≈≈P.PP....##$
≈≈(..≈PPP


.PPPP ≈≈...≈ ≈≈≈≈≈≈≈≈≈PPP≈≈P ≈≈≈≈≈≈ ≈≈≈$≈≈ You could see a water nymph.

Vanquished Creatures
  Saint Roka (Snake:4)
  Vashnia (Snake:2)
  Kirke (Lair:8)
  6 greater nagas
  A frost giant (IceCv)
  Maud (D:13)
  A deep elf sorcerer (Elf:1)
  The ghost of 4thArraOfDagon the Brawler, a journeyman TrBe of Trog (Elf:2)
  3 deep elf death magi
  Fannar (D:12)
  15 naga warriors
  6 hydras
  A catoblepas (Lair:4)
  A merfolk aquamancer (Shoals:4)
  An alligator snapping turtle (Shoals:4)
  A centaur warrior (D:13)
  4 dancing weapons
  6 anacondas
  An ogre mage (D:13)
  3 satyrs
  11 death yaks
  4 orc high priests (Orc:2)
  The ghost of Kidiri the Thaumaturge, a journeyman DECj of Sif Muna (IceCv)
  4 shock serpents
  11 naga sharpshooters
  A sun demon (Lair:8)
  12 deep elf knights
  4 salamander mystics (Snake:4)
  A hill giant (D:13)
  9 sea snakes
  4 naga ritualists
  5 deep elf archers
  7 harpies (Shoals:1)
  32 deep elf magi
  4 mana vipers
  An orc knight (Orc:1)
  2 orc sorcerers (Orc:2)
  A griffon (Shoals:1)
  A manticore (Shoals:1)
  6 fauns
  A siren (Shoals:2)
  3 water nymphs
  A large abomination (Abyss:1)
  A salamander (Snake:3)
  12 elephants
  2 ice statues
  4 guardian serpents
  20 black mambas
  16 naga magi
  A smoke demon (Lair:8)
  3 orange demons (Lair:8)
  14 spiny frogs
  2 torpor snails (Lair:8)
  2 komodo dragons (Lair:5)
  2 kobold demonologists (D:14)
  A hellwing (Lair:8)
  An ice devil (Lair:8)
  2 fire drakes
  23 polar bears
  2 red devils (Lair:8)
  A freezing wraith (Lair:7)
  6 trolls
  Grinder (D:5)
  2 two-headed ogres (D:13)
  15 merfolk
  A two-headed ogre (shapeshifter) (Elf:3)
  10 blink frogs
  2 wind drakes
  4 slime creatures
  4 snapping turtles
  Prince Ribbit (D:6)
  A spriggan (Lair:6)
  5 water elementals
  A wraith (Abyss:1)
  2 wyverns
  A vampire (D:13)
  2 hogs (Lair:8)
  24 yaks
  A fire elemental (Elf:3)
  3 vampire mosquitoes (D:13)
  3 basilisks
  9 hippogriffs
  A neqoxec (Abyss:1)
  Menkaure (D:5)
  A warg (Orc:2)
  A mottled dragon (D:13)
  28 wolves
  57 nagas
  8 water moccasins
  8 porcupines
  19 orc warriors
  5 ice beasts
  2 sky beasts
  5 black bears
  A phantom (D:9)
  10 ogres
  2 wasps
  12 centaurs
  12 crocodiles
  15 giant frogs
  2 big kobolds (D:14)
  2 earth elementals
  2 scorpions
  6 killer bees
  A jelly (D:11)
  2 electric eels (Snake:2)
  4 crimson imps
  A wasp zombie (D:7)
  7 hounds
  A quasit (D:11)
  30 orc priests
  29 orc wizards
  A giant frog skeleton (D:4)
  6 iguanas
  9 worker ants
  8 sheep
  7 gnolls
  16 adders
  65 river rats
  A shadow imp (D:4)
  15 white imps
  An ooze (D:3)
  2 adder skeletons
  A worm (D:2)
  4 giant geckos
  65 orcs
  4 giant cockroaches
  2 goblins
  5 hobgoblins
  7 jackals (D:8)
  A quokka (D:2)
  2 ball pythons
  18 bats
  3 giant gecko zombies
  3 giant newts
  5 kobolds
  A quokka skeleton (D:4)
  16 rats
  2 crawling corpses (Elf:3)
  4 fungi
  3 plants
941 creatures vanquished.

Vanquished Creatures (collateral kills)
  A merfolk javelineer (Shoals:3)
  An anaconda (Snake:2)
  A sea snake (Snake:2)
  A deep elf mage (Elf:2)
  A salamander (Snake:2)
  A black mamba (Snake:4)
  A centaur zombie (D:13)
  Joseph (D:8)
  2 polar bears
  A blink frog (Lair:8)
  A vampire mosquito (D:13)
  A hippogriff (D:11)
  2 wolves
  A water moccasin (Lair:1)
  2 ogres
  2 centaurs (D:11)
  A jelly (D:9)
  A sheep (Lair:1)
  A river rat (Lair:8)
  2 orcs
  A fungus (Lair:8)
26 creatures vanquished.

Vanquished Creatures (others)
  Rupert (Lair:8)
  2 deep elf blademasters (Elf:3)
  2 deep elf master archers (Elf:3)
  4 deep elf sorcerers (Elf:3)
  The ghost of Gagarin the Cleaver, a journeyman HOFi of Beogh (Lair:8)
  2 deep elf elementalists (Elf:3)
  A large abomination (Elf:3)
  5 deep elf demonologists
  6 deep elf annihilators (Elf:3)
  The ghost of namelastname112 the Spear-Bearer, a journeyman DsGl of Makhleb (Lair:5)
  A dire elephant (Lair:8)
  5 deep elf death magi (Elf:3)
  A deep elf high priest (Elf:3)
  The ghost of Voda the Cleaver, a novice DDFi (D:9)
  A dancing weapon (Elf:3)
  2 merfolk aquamancers
  4 shock serpents
  3 deep elf knights
  2 sea snakes (Shoals:4)
  2 deep elf archers (Elf:3)
  A wizard (Lair:8)
  8 deep elf magi
  2 fauns (Shoals:4)
  2 griffons (Lair:8)
  3 black mambas
  An eye of devastation (Lair:8)
  A gargoyle (D:14)
  A spiny frog (Lair:8)
  An orange demon (Lair:8)
  3 small abominations (Elf:3)
  A komodo dragon (Lair:2)
  An ice devil (Lair:8)
  A fire drake (Lair:8)
  A two-headed ogre (D:8)
  A blink frog (Lair:8)
  A vampire (D:15)
  2 humans (Lair:8)
  A hippogriff (Lair:8)
  A warg (Orc:2)
  A naga (Snake:4)
  A water moccasin (Lair:8)
  4 orc warriors
  A sky beast (D:5)
  An eye of draining (Lair:8)
  3 crocodiles
  A killer bee (D:9)
  An electric eel (Lair:8)
  20 river rats (Lair:8)
  3 orcs (Snake:4)
  4 crawling corpses (Elf:3)
  27 fungi
  24 plants
  8 starspawn tentacles (Elf:3)
  6 starspawn tentacle segments (Elf:3)
185 creatures vanquished.

Grand Total: 1152 creatures vanquished

Notes
Turn   | Place    | Note
--------------------------------------------------------------
     0 | Abyss:1  | ipx the Demonspawn Abyssal Knight began the quest for the Orb.
     0 | Abyss:1  | Reached XP level 1. HP: 18/18 MP: 2/2
    10 | D:1      | Escaped the Abyss
   270 | D:1      | Gained mutation: You are immune to rotting. [demonic ancestry]
   270 | D:1      | Reached XP level 2. HP: 21/24 MP: 3/3
   491 | D:2      | Found a sacrificial altar of Ru.
   555 | D:2      | Reached ** piety under Lugonu
   578 | D:2      | Reached XP level 3. HP: 22/29 MP: 3/5
   891 | D:4      | Found a glowing silver altar of Zin.
   894 | D:4      | Noticed Chiseanne's ghost (amateur CeAE)
  1093 | D:3      | Found a sparkling altar of Nemelex Xobeh.
  1125 | D:3      | Gained mutation: You have a pair of small horns on your head. [demonic ancestry]
  1125 | D:3      | Reached XP level 4. HP: 25/35 MP: 6/6
  1147 | D:3      | Reached skill level 4 in Axes
  1183 | D:4      | Found a blossoming altar of Fedhas.
  1183 | D:4      | Noticed a centaur
  1259 | D:4      | HP: 1/35 [centaur (1)]
  1261 | D:4      | Killed a centaur
  1261 | D:4      | Reached XP level 5. HP: 1/41 MP: 7/7
  1494 | D:4      | Reached skill level 5 in Axes
  1597 | D:4      | Got a heavily runed scale mail
  1608 | D:4      | Identified the +5 scale mail "Lurghoapp" {rPois rF+} (You found it on level 4 of the Dungeon)
  1645 | D:4      | Gained mutation: You have a pair of horns on your head. [demonic ancestry]
  1645 | D:4      | Reached XP level 6. HP: 29/47 MP: 8/8
  1731 | D:3      | Reached *** piety under Lugonu
  1736 | D:3      | Reached skill level 6 in Axes
  1907 | D:5      | Entered Level 5 of the Dungeon
  1907 | D:5      | Noticed Menkaure
  1912 | D:5      | Killed Menkaure
  2085 | D:5      | Noticed Blork the orc
  2091 | D:5      | Banished Blork the orc
  2091 | D:5      | Reached XP level 7. HP: 39/52 MP: 4/9
  2110 | D:5      | Noticed Grinder
  2134 | D:5      | Killed Grinder
  2134 | D:5      | Reached skill level 7 in Axes
  2156 | D:5      | Reached skill level 5 in Invocations
  2519 | D:5      | Reached XP level 8. HP: 52/58 MP: 12/12
  2588 | D:6      | Found an iron altar of Okawaru.
  2608 | D:6      | Noticed Prince Ribbit
  2660 | D:6      | Killed Prince Ribbit
  2660 | D:6      | Reached skill level 8 in Axes
  2688 | D:6      | Found an opulent altar of Gozag.
  2707 | D:6      | Found Epyog's Assorted Antiques.
  2715 | D:6      | Bought a scroll of fear for 91 gold pieces
  2715 | D:6      | Bought a scroll of teleportation for 78 gold pieces
  2715 | D:6      | Bought a scroll labeled KEEDAE FYKHEMA for 26 gold pieces
  2715 | D:6      | Bought a scroll labeled CEOSAO HAIH for 26 gold pieces
  2715 | D:6      | Bought a scroll labeled RUOGOL YLARYU for 26 gold pieces
  2715 | D:6      | Bought a runed hunting sling for 39 gold pieces
  3027 | D:7      | Found a radiant altar of Vehumet.
  3172 | D:7      | Found a staircase to the Ecumenical Temple.
  3283 | D:8      | Noticed a two-headed ogre
  3284 | D:8      | Banished a two-headed ogre
  3470 | D:8      | Reached **** piety under Lugonu
  3472 | D:8      | Gained mutation: A weak demonic guardian rushes to your aid. [demonic ancestry]
  3472 | D:8      | Reached XP level 9. HP: 63/63 MP: 15/15
  3582 | D:8      | Found a staircase to the Lair.
  3589 | Lair:1   | Entered Level 1 of the Lair of Beasts
  3736 | D:8      | Reached skill level 9 in Axes
  3759 | D:8      | Noticed Joseph
  3786 | D:8      | Killed Joseph
  3977 | D:9      | Identified a scroll of acquirement
  4048 | D:9      | Noticed Gastronok
  4067 | D:10     | Entered Level 10 of the Dungeon
  4132 | D:10     | Reached skill level 5 in Armour
  4192 | D:10     | Found Geanijeatopn's Distillery.
  4195 | D:10     | Bought a potion of heal wounds for 60 gold pieces
  4195 | D:10     | Bought a potion of curing for 36 gold pieces
  4205 | D:10     | Bought a potion of curing for 36 gold pieces
  4223 | D:9      | Reached skill level 1 in Dodging
  4250 | D:9      | Reached skill level 10 in Invocations
  4364 | D:9      | Noticed Maurice
  4364 | D:9      | Banished Maurice
  4424 | D:9      | Noticed Voda's ghost (novice DDFi)
  4429 | D:9      | Gained mutation: You may emit foul miasma when damaged in melee. [demonic ancestry]
  4429 | D:9      | Reached XP level 10. HP: 55/70 MP: 17/17
  4437 | D:9      | Banished Voda's ghost
  4593 | D:10     | Reached skill level 10 in Axes
  4596 | D:10     | Found Toimpyvi's Book Boutique.
  4627 | D:10     | Found a staircase to the Orcish Mines.
  4640 | Orc:1    | Entered Level 1 of the Orcish Mines
  4679 | D:10     | Reached skill level 11 in Invocations
  5131 | D:12     | Noticed Fannar
  5178 | D:11     | Noticed an eight-headed hydra
  5196 | D:11     | Killed a five-headed hydra
  5196 | D:11     | Reached skill level 5 in Fighting
  5586 | Lair:1   | Reached XP level 11. HP: 50/81 MP: 19/19
  6009 | Lair:2   | Reached ***** piety under Lugonu
  6218 | Lair:2   | Reached skill level 12 in Axes
  6460 | Lair:3   | Got an ivory executioner's axe
  6461 | Lair:3   | Identified the +8 executioner's axe of Beogh {flame, *Contam +Rage rPois} (You acquired it on level 3 of the Lair of Beasts)
  6589 | Lair:3   | Noticed a seven-headed hydra
  6620 | Lair:3   | Killed a seven-headed hydra
  6780 | Lair:4   | Reached skill level 5 in Dodging
  6912 | Lair:5   | Noticed namelastname112's ghost (journeyman DsGl)
  6919 | Lair:5   | Banished namelastname112's ghost
  6983 | Lair:5   | Reached skill level 13 in Axes
  7201 | Lair:5   | Found a staircase to the Shoals.
  7407 | Lair:6   | Reached XP level 12. HP: 84/88 MP: 20/20
  7672 | Lair:6   | Noticed a death yak
  7674 | Lair:6   | Noticed a death yak
  7675 | Lair:6   | Noticed a death yak
  7728 | Lair:6   | Noticed a death yak
  7728 | Lair:6   | Noticed a death yak
  7754 | Lair:6   | Reached skill level 14 in Axes
  7909 | Lair:7   | Noticed a five-headed hydra
  7923 | Lair:7   | Killed a one-headed hydra
  8104 | Lair:7   | Noticed a death yak
  8104 | Lair:7   | Noticed a death yak
  8105 | Lair:7   | Noticed a death yak
  8112 | Lair:8   | Entered Level 8 of the Lair of Beasts
  8112 | Lair:8   | Found a staircase to the Slime Pits.
  8345 | Lair:7   | Noticed a five-headed hydra
  8376 | Lair:7   | Killed a two-headed hydra
  8376 | Lair:7   | Reached skill level 15 in Axes
  8394 | Lair:7   | Gained mutation: Your mind is acute. (Int +2) [potion of mutation]
  8394 | Lair:7   | Gained mutation: You have large cloven feet. [potion of mutation]
  8394 | Lair:7   | Lost mutation: You have large cloven feet. [potion of mutation]
  8395 | Lair:7   | Lost mutation: Your mind is acute. (Int +2) [potion of cure mutation]
  8469 | Lair:8   | Noticed Gagarin's ghost (journeyman HOFi)
  8720 | Lair:8   | Noticed Rupert
  8728 | Lair:8   | Corrupted Lair:8
  8731 | Lair:8   | Noticed a bone dragon
  8734 | Lair:8   | Noticed a dire elephant
  8748 | Lair:8   | Killed Rupert
  8753 | Lair:8   | Killed a dire elephant
  8800 | Lair:8   | Killed Gagarin's ghost
  8925 | Lair:8   | Noticed a seven-headed hydra
  8954 | Lair:8   | Killed a four-headed hydra
  8954 | Lair:8   | Gained mutation: You have a pair of large horns on your head. [demonic ancestry]
  8954 | Lair:8   | Reached XP level 13. HP: 33/96 MP: 7/21
  9181 | Lair:8   | Killed Kirke
  9255 | Lair:8   | Reached skill level 16 in Axes
  9764 | Lair:8   | Noticed an azure jelly
 10249 | Lair:4   | Found a staircase to the Snake Pit.
 10625 | D:9      | Upgraded the game from 0.18-a0-1203-gbde16db to 0.18-a0-1211-g828307d
 10701 | D:12     | Killed Fannar
 10810 | D:12     | Got an amethyst-encrusted chain mail
 11063 | D:13     | Reached ****** piety under Lugonu
 11184 | D:13     | Identified the +1 chain mail of Impatience {rPois Regen+} (You found it on level 12 of the Dungeon)
 11334 | D:13     | Found a frozen archway.
 11358 | IceCv    | Entered an ice cave
 11358 | IceCv    | Noticed Kidiri's ghost (journeyman DECj)
 11363 | IceCv    | Killed Kidiri's ghost
 11414 | IceCv    | Gained mutation: You are partially covered in large bone plates (AC +2, SH +2). [demonic ancestry]
 11414 | IceCv    | Reached XP level 14. HP: 90/108 MP: 19/22
 11439 | IceCv    | Got a steaming scale mail
 11517 | IceCv    | Identified the cursed +1 scale mail "Vekiek" {Str+6} (You found it in an ice cave)
 11863 | IceCv    | Noticed a frost giant
 12036 | IceCv    | Killed a frost giant
 12077 | D:13     | Identified a +3 battleaxe of distortion (a +1 battleaxe of freezing corrupted by Lugonu)
 12077 | D:13     | Received a gift from Lugonu
 12157 | D:13     | Noticed Maud
 12186 | D:13     | Killed Maud
 12186 | D:13     | Reached skill level 1 in Evocations
 12261 | D:15     | Entered Level 15 of the Dungeon
 12293 | D:15     | Noticed Agnes
 12701 | Orc:2    | Entered Level 2 of the Orcish Mines
 12854 | Orc:2    | Noticed Snorg
 12906 | Orc:2    | Banished Snorg
 12988 | Orc:2    | Found a staircase to the Elven Halls.
 13117 | Orc:2    | Reached skill level 17 in Axes
 13189 | Orc:2    | Found Izuss's Weapon Emporium.
 13189 | Orc:2    | Found Maall's Jewellery Emporium.
 13190 | Orc:2    | Found Deixusytt's Book Shoppe.
 13193 | Orc:2    | Found Qynguoff's Assorted Antiques.
 13222 | Orc:2    | Bought a runed garnet ring for 165 gold pieces
 13222 | Orc:2    | Bought a potion of heal wounds for 165 gold pieces
 13222 | Orc:2    | Bought a scroll of magic mapping for 115 gold pieces
 13227 | Orc:2    | Bought the ring "Samo" {+Inv rN+ Str+2 Int-5 Stlth+} for 382 gold pieces
 13293 | Orc:2    | Found a burning altar of Makhleb.
 13479 | Orc:2    | Bought a scroll of enchant weapon for 247 gold pieces
 13502 | Elf:1    | Entered Level 1 of the Elven Halls
 13745 | Elf:1    | Reached XP level 15. HP: 78/115 MP: 18/23
 13860 | Elf:1    | Noticed a deep elf sorcerer
 13875 | Elf:1    | Killed a deep elf sorcerer
 14092 | Elf:2    | Noticed 4thArraOfDagon's ghost (journeyman TrBe)
 14113 | Elf:2    | Killed 4thArraOfDagon's ghost
 14178 | Elf:3    | Entered Level 3 of the Elven Halls
 14431 | Elf:1    | Found a portal to a secret trove of treasure.
 14473 | Elf:1    | Found a deep blue altar of Sif Muna.
 14614 | Elf:2    | Found a runed gate.
 14614 | Elf:2    | Found a runed gate.
 14615 | Elf:2    | Found a runed gate.
 14820 | Elf:3    | Found Exkawk's Antique Armour Shop.
 14825 | Elf:3    | Reached skill level 18 in Axes
 14839 | Elf:3    | Bought a pair of polished gloves for 209 gold pieces
 14849 | Elf:3    | Identified the cursed +0 pair of gloves of Munui {Regen+} (You bought it in a shop on level 3 of the Elven Halls)
 15130 | Elf:3    | Noticed a deep elf blademaster
 15130 | Elf:3    | Corrupted Elf:3
 15130 | Elf:3    | Noticed a deep elf blademaster
 15130 | Elf:3    | Noticed a tentacled starspawn
 15148 | Elf:3    | Killed a deep elf sorcerer
 15151 | Elf:3    | Noticed a bone dragon
 15152 | Elf:3    | Killed a deep elf blademaster
 15160 | Elf:3    | Killed a deep elf sorcerer
 15161 | Elf:3    | Killed a deep elf blademaster
 15163 | Elf:3    | Killed a deep elf sorcerer
 15168 | Elf:3    | Noticed a deep elf master archer
 15179 | Elf:3    | Killed a deep elf master archer
 15188 | Elf:3    | Killed a deep elf sorcerer
 15191 | Elf:3    | Killed a deep elf master archer
 15334 | Elf:3    | Got an ichor-stained battleaxe
 15335 | Elf:3    | Identified the +11 battleaxe of the Equinox {venom, rElec Dex+3} (You found it on level 3 of the Elven Halls)
 15339 | Elf:3    | Got a crude golden amulet
 15375 | Elf:3    | Learned a level 2 spell: Repel Missiles
 15378 | Elf:3    | Learned a level 2 spell: Swiftness
 15453 | Elf:3    | Got a dazzling scale mail
 15464 | Elf:3    | Identified the +1 scale mail "Qekong" {Dex+6 Slay+3} (You found it on level 3 of the Elven Halls)
 15472 | Elf:3    | Identified the amulet "Heniuche" {rC++ Regen+ Slay-4} (You found it on level 3 of the Elven Halls)
 15517 | Elf:3    | Identified a +5 rod of ignition (9/9) (You found it on level 3 of the Elven Halls)
 15644 | Orc:2    | Bought an uncursed amulet of rage for 520 gold pieces
 16004 | Lair:8   | Found a burning altar of Makhleb.
 16009 | Lair:8   | Found a gateway to Hell.
 16272 | Snake:1  | Entered Level 1 of the Snake Pit
 16284 | Snake:1  | Gained mutation: You are mostly covered in large bone plates (AC +3, SH +3). [demonic ancestry]
 16284 | Snake:1  | Reached XP level 16. HP: 76/121 MP: 25/25
 16410 | Snake:2  | Reached skill level 5 in Evocations
 16510 | Snake:2  | Noticed Vashnia
 16544 | Snake:2  | Killed Vashnia
 16544 | Snake:2  | Reached skill level 19 in Axes
 17063 | Snake:4  | Entered Level 4 of the Snake Pit
 17614 | Snake:4  | Noticed Saint Roka
 17757 | Snake:4  | Reached skill level 10 in Dodging
 17890 | Snake:1  | Learned a level 5 spell: Silence
 17896 | Snake:1  | Learned a level 5 spell: Phase Shift
 18141 | Snake:4  | Corrupted Snake:4
 18141 | Snake:4  | Noticed a profane servitor
 18150 | Snake:4  | Killed Saint Roka
 18229 | Snake:4  | Gained mutation: You resist negative energy. [demonic ancestry]
 18229 | Snake:4  | Reached XP level 17. HP: 81/127 MP: 22/26
 18284 | Snake:4  | Reached skill level 20 in Axes
 18384 | Snake:4  | Reached skill level 1 in Air Magic
 18431 | Snake:4  | Reached skill level 1 in Spellcasting
 18434 | Snake:4  | Reached skill level 1 in Charms
 18770 | Snake:4  | Got a serpentine rune of Zot
 18939 | Shoals:1 | Entered Level 1 of the Shoals
 19208 | Shoals:3 | Noticed Polyphemus
 19590 | Shoals:4 | Entered Level 4 of the Shoals
 19608 | Shoals:4 | Noticed Louise
 19612 | Shoals:4 | Noticed Donald
 19654 | Shoals:4 | Reached skill level 5 in Air Magic
 19692 | Abyss:1  | Found a corrupted altar of Lugonu.
 19692 | Abyss:1  | Found a shimmering altar of Xom.
 19756 | Abyss:1  | Reached skill level 5 in Charms
 19756 | Abyss:1  | Reached skill level 5 in Spellcasting
 19758 | Abyss:1  | Banished Maurice
 19764 | Shoals:4 | Escaped the Abyss
 19765 | Shoals:4 | Noticed Ilsuiw
 19769 | Shoals:4 | Corrupted Shoals:4
 19773 | Shoals:4 | Noticed Mara
 19910 | Shoals:3 | Killed from afar by a water nymph

Vault maps used:
D:1:      lemuel_arrival_funnel
D:2:      overflow_temple_1_default, due_unseen_surprise
D:3:      led_sif_pool, nemelex_dance_club_becter
D:4:      fedhas_bush_and_centaur_altar, overflow_temple_1_default,
          minmay_joined_circles
D:5:      first_bread, fountainhead, uniq_grinder, uniq_blork_the_orc,
          uniq_menkaure
D:6:      grunt_gozag_breadcrumbs, okawaru_trees_2, serial_shops, shop,
          uniq_prince_ribbit1
D:7:      vehumet_statue, lemuel_zombie_altar_yredelemnul,
          minmay_temple_entry_fiery
D:8:      grunt_lair_entry_orc_guard_hut, uniq_joseph
D:9:      hangedman_little_slice_of_home, zaba_anthole, uniq_gastronok,
          uniq_maurice
D:10:     orc_0_dummy, serial_shops, nicolae_shop_trees,
          nicolae_shop_behind_doors, shop, basic_altar
D:12:     uniq_fannar
D:13:     portal_ice_cave_entry_imps, serial_glass, glass_columns_c,
          glass_columns_a, glass_columns_a, moated_statue, uniq_maud
D:14:     erik_vaults_1, kennysheep_minor_cross, nrook_mini_vaults,
          kennysheep_generic_room_12, uniq_urug
D:15:     gammafunk_enter_depths_forms, lab_entry_generic,
          minmay_misc_feat_alley, uniq_agnes
Lair:1:   bh_autumn_forest_stairs
Lair:2:   st_stairs_5, beast_lair_carwin_2
Lair:4:   minmay_snake_entry_six_corridors
Lair:5:   minmay_shoals_entry_hut, minmay_stone_trees_small
Lair:6:   grunt_forest_large_clearings
Lair:7:   ice2_lemuel
Lair:8:   evil_forest, minmay_slime_entry_eyes, lemuel_centaur_altar,
          infiniplex_staircase_pool, uniq_kirke, uniq_rupert
Shoals:2: nicolae_shoals_wave_tunnel
Shoals:3: uniq_polyphemus
Shoals:4: shoals_end_grunt_ice, shoal_ilsuiw, uniq_louise, uniq_mara,
          uniq_donald
Snake:1:  hangedman_snake_pattern, uniq_aizul, uniq_josephine
Snake:2:  serial_bayou, serial_bayou_lagoon_a, serial_bayou_shore_b,
          serial_bayou_ford_a, serial_bayou_shore_a, uniq_vashnia
Snake:3:  lemuel_fruit_tree, uniq_azrael
Snake:4:  johnstein_snake_rune_scales, serial_shops,
          nicolae_shop_window_shopping, uniq_saint_roka, uniq_wiglaf
Orc:2:    st_orc_mages, serial_shops, shop, bloody_makhleb, uniq_snorg
Elf:1:    minmay_elf_arrival_summoners, enter_trove_1, basic_altar,
          minmay_elf_sorcery, grunt_megastairs_2
Elf:2:    uniq_nikola
Elf:3:    elf_hall, serial_shops, shop
IceCv:    ice_cave_caverns_03

Action                   |  1- 3 |  4- 6 |  7- 9 | 10-12 | 13-15 | 16-18 || total
-------------------------+-------+-------+-------+-------+-------+-------++-------
Melee: Hand axe          |    82 |       |       |       |       |       ||    82
       Long sword        |     2 |       |       |       |       |       ||     2
       War axe           |     3 |    75 |   295 |   625 |   935 |       ||  1933
       Battleaxe         |       |       |       |       |   406 |   659 ||  1065
 Fire: Hunting sling     |    27 |     3 |    46 |   144 |   123 |       ||   343
Throw: Stone             |     3 |       |       |       |       |       ||     3
       Throwing net      |       |       |       |       |     3 |     3 ||     6
 Cast: Repel Missiles    |       |       |       |       |       |     5 ||     5
Invok: Bend Space        |     1 |       |       |    15 |     4 |     1 ||    21
       Banish            |       |     1 |     9 |    16 |    13 |     6 ||    45
       Corrupt           |       |       |       |     1 |     1 |     2 ||     4
       Brand Weapon With |       |       |       |       |     1 |       ||     1
       Depart the Abyss  |       |       |       |       |       |     1 ||     1
       Enter the Abyss   |       |       |       |       |       |     1 ||     1
 Abil: Evoke Berserk Rag |       |       |       |       |     1 |    13 ||    14
       Evoke Invisibilit |       |       |       |       |       |     3 ||     3
Evoke: Wand              |       |       |     1 |     8 |    14 |     7 ||    30
       Phial of floods   |       |       |       |       |       |     1 ||     1
  Use: Scroll            |     3 |     2 |    10 |    12 |    25 |    15 ||    67
       Potion            |       |     2 |     3 |    14 |     3 |     7 ||    29
 Stab: Distracted        |       |       |     1 |     1 |     6 |     6 ||    14
       Held in net/web   |       |       |       |       |     4 |       ||     4
       Petrified         |       |       |       |       |     2 |       ||     2
       Invisible         |       |       |       |       |       |     9 ||     9
       Petrifying        |       |       |       |       |       |     1 ||     1
  Eat: Chunk             |       |     4 |    11 |    22 |    20 |     8 ||    65
       Pizza             |       |       |     1 |     1 |     3 |       ||     5
       Beef jerky        |       |       |       |     1 |       |     2 ||     3
       Bread ration      |       |       |       |       |     2 |     4 ||     6
       Fruit             |       |       |       |       |       |     2 ||     2
       Royal jelly       |       |       |       |       |       |     1 ||     1
